 Dungeon Crawl Stone Soup version 0.14-a0-736-g2a71271 (webtiles) character file.

615 Malachi the Ruffian (level 6, -5/48 HPs)
             Began as a Draconian Transmuter on Nov 7, 2013.
             Slain by a centaur (9 damage)
             ... on Level 5 of the Dungeon.
             The game lasted 00:06:52 (4645 turns).

Malachi the Ruffian (Draconian Transmuter)          Turns: 4645, Time: 00:06:52

HP  -5/48        AC  7     Str 17      XL: 6   Next: 46%
MP   6/9         EV 13     Int 15      God:
Gold 235         SH  0     Dex 11      Spells:  3 memorised,  3 levels left

Res.Fire  : . . .   See Invis. : .     - Unarmed
Res.Cold  : . . .   Warding    : .   (armour unavailable)
Life Prot.: . . .   Conserve   : .   (no shield)
Res.Poison: .       Res.Corr.  : .   (helmet restricted)
Res.Elec. : .       Clarity    : .   (no cloak)
Sust.Abil.: . .     Spirit.Shd : .   (no gloves)
Res.Mut.  : .       Stasis     : .   m - +0 pair of elf boots
Res.Rott. : .       Flight     : .   (no amulet)
Saprovore : . . .                    (no ring)
                                     I - +4 ring of strength

@: appendage, slightly resistant to hostile enchantments, unstealthy
A: unfitting armour, horns 2, AC +6
a: End Transformation


You were on level 5 of the Dungeon.
You were not hungry.
You had grown temporary horns.
You visited 1 branch of the dungeon, and saw 5 of its levels.

You collected 235 gold pieces.

Inventory:

Missiles
 b - 98 arrows
 o - 3 poisoned darts (quivered)
 B - 6 curare-tipped needles
Armour
 m - a +0 pair of elven boots (worn)
 s - a +0 cloak
 D - a +0 dwarven cloak
Magical devices
 A - a wand of polymorph (12) {unknown}
Comestibles
 a - 6 bread rations
 h - a sausage
 t - 2 pears
 x - a meat ration
 C - an apple
 F - 4 chunks of centaur flesh
 G - a rotting chunk of ball python flesh
 H - 2 rotting chunks of gnoll flesh
Scrolls
 f - 4 scrolls of remove curse
 g - a scroll of curse weapon {unknown}
 j - 3 scrolls of identify
 k - a scroll of enchant armour {unknown}
 l - 3 scrolls of teleportation {unknown}
 n - 2 scrolls of magic mapping {unknown}
 u - 2 scrolls of amnesia {unknown}
 w - 2 scrolls of enchant weapon II {unknown}
 y - 2 scrolls of blinking {unknown}
 z - a scroll of enchant weapon I {unknown}
 J - a scroll of enchant weapon III {unknown}
Jewellery
 I - a +4 ring of strength (left hand)
Potions
 c - a potion of resistance {unknown}
 e - a potion of restore abilities {unknown}
 i - a potion of confusion {unknown}
 p - 3 potions of curing
 q - a potion of brilliance {unknown}
 r - 2 potions of poison {unknown}
 v - a potion of might {unknown}
 E - a potion of heal wounds
Books
 d - a book of Changes

   Spells                             Type                      Level
   *Beastly Appendage                 Transmutation                1
   *Sticks to Snakes                  Transmutation                2
   *Spider Form                       Transmutation/Poison         3
   Ice Form                           Ice/Transmutation            4
   Blade Hands                        Transmutation                5


   Skills:
 + Level 2.6 Fighting
 + Level 3.2 Dodging
 + Level 5.0 Unarmed Combat
 - Level 2.0 Spellcasting
 * Level 3.4 Transmutations
 * Level 1.9 Poison Magic


You had 3 spell levels left.
You knew the following spells:

 Your Spells              Type           Power        Failure   Level  Hunger
a - Beastly Appendage     Trmt           ##....       8%          1    #......
b - Sticks to Snakes      Trmt           ##........   12%         2    ###....
c - Spider Form           Trmt/Pois      #.........   24%         3    ####...


Dungeon Overview and Level Annotations

Branches:
Dungeon (5/27)
 Temple: D:4-7

Altars:


Innate Abilities, Weirdness & Mutations

Your plain brown scales are hard (AC +6).*
Your body does not fit into most forms of armour.
Your cold-blooded metabolism reacts poorly to cold.
You have a pair of horns on your head.*


Message History

The centaur closely misses you. The hobgoblin misses you.
Unknown command.
Drink which item? (? for menu, Esc to quit)
You feel much better.
It was a potion of heal wounds.
The centaur hits you.
The hobgoblin hits you with an orcish club.
You barely miss the centaur.
The centaur is moderately wounded.
The centaur hits you.
You hit the centaur but do no damage.
Your tail-slap misses the centaur.
The centaur is moderately wounded.
The centaur looks more healthy.
The hobgoblin hits you with an orcish club.
* * * LOW HITPOINT WARNING * * *
The centaur closely misses you.
Casting: Spider Form
Confirm with . or Enter, or press ? or * to list all spells.
You grow a pair of large bovine horns.
The centaur hits you!
* * * LOW HITPOINT WARNING * * *
The hobgoblin misses you. The centaur hits you!
You die...

.)##....... #.##.###.#.#.
#>............ ..
#.##...#.#.#. .#
#)##.......# #.##
#.##.###.)...# ...# #)##.#
#.#### ###...# #.##.# #.#
####c....###
#.(%.###.#####..@g........
#.##.........#....#....##
#.##.#######.#..(.# ..#
#.##.# #...(.(..# # #(####
######(...# #.#
#...##.)..# #.#
#...##....# #.#.. #.###
###...##....# ##.#.. ....#
#.....####### #.....


You could see a centaur and a hobgoblin.

Vanquished Creatures
  2 centaurs (D:5)
  2 worker ants (D:4)
  4 gnolls (D:5)
  6 adders
  A giant mite (D:2)
  An adder zombie (D:5)
  4 giant geckos
  An ooze (D:2)
  2 ball pythons
  2 giant cockroaches (D:2)
  9 goblins
  7 hobgoblins
  2 quokkas
  6 bats (D:1)
  2 giant newts
  10 jackals
  8 kobolds
  An orc zombie (D:5)
  14 rats
84 creatures vanquished.

Notes
Turn   | Place    | Note
--------------------------------------------------------------
     0 | D:1      | Malachi, the Draconian Transmuter, began the quest for the Orb.
     0 | D:1      | Reached XP level 1. HP: 16/16 MP: 1/1
   229 | D:1      | Reached XP level 2. HP: 18/23 MP: 3/3
   839 | D:1      | Learned a level 2 spell: Sticks to Snakes
   915 | D:2      | Reached XP level 3. HP: 28/28 MP: 4/4
   973 | D:2      | Reached skill level 4 in Unarmed Combat
  1173 | D:2      | HP: 1/28 [poisoned by an adder]
  1662 | D:2      | Reached XP level 4. HP: 16/35 MP: 6/6
  2408 | D:3      | Learned a level 3 spell: Spider Form
  3510 | D:4      | Reached skill level 1 in Poison Magic
  3510 | D:4      | Reached XP level 5. HP: 35/41 MP: 5/7
  4063 | D:5      | Entered Level 5 of the Dungeon
  4124 | D:5      | Noticed a centaur
  4143 | D:5      | Killed a centaur
  4397 | D:5      | Reached XP level 6. HP: 33/48 MP: 5/9
  4471 | D:5      | Noticed a centaur
  4481 | D:5      | Killed a centaur
  4481 | D:5      | Reached skill level 5 in Unarmed Combat
  4627 | D:5      | Noticed a centaur
  4645 | D:5      | Slain by a centaur

Action                   |  1- 3 |  4- 6 || total
-------------------------+-------+-------++-------
Melee: Unarmed           |   162 |   171 ||   333
 Cast: Beastly Appendage |     3 |    12 ||    15
       Spider Form       |       |     3 ||     3
 Abil: End Transformatio |       |     2 ||     2
  Use: Scroll            |       |     3 ||     3
       Potion            |       |     1 ||     1
 Stab: Sleeping          |     2 |     2 ||     4
